 Dungeon Crawl Stone Soup version 0.31-a0-868-g674d60d6f7 (webtiles) character file.

Game seed: 10283866162616458078

212 kae the Vexing (level 5, 0/35 HPs)
             Began as a Demonspawn Enchanter on Oct 11, 2023.
             Killed by divine providence
             ... invoked by an orc priest
              (14 damage)
             ... on level 3 of the Dungeon.
             The game lasted 00:05:42 (3170 turns).

kae the Vexing (Demonspawn Enchanter)               Turns: 3170, Time: 00:05:42

Health: 0/35       AC:  5    Str:  8    XL:     5   Next: 58%
Magic:  0/8        EV: 12    Int: 18    God:
Gold:   88         SH:  0    Dex: 14    Spells: 4/9 levels left

rFire   . . .        a - +1 dagger (heavy)
rCold   . . .        (no shield)
rNeg    . . .        b - +0 robe
rPois   .            (no helmet)
rElec   .            i - +2 cloak {Stlth+}
rCorr   .            (no gloves)
SInv    .            (no boots)
Will    .....        (no amulet)
Stlth   +++          (no ring)
HPRegen 0.25/turn    (no ring)
MPRegen 0.11/turn

%: no passive effects
@: no status effects
A: hooves 1, sturdy frame 1
a: no special abilities


You were on level 3 of the Dungeon.
You visited 1 branch of the dungeon, and saw 3 of its levels.

You collected 88 gold pieces.


Innate Abilities, Weirdness & Mutations

You have large cloven feet.
Your movements are slightly less encumbered by armour. (ER -2)


   Skills:
 * Level 2.5 Short Blades
 + Level 2.5 Dodging
 + Level 3.2 Stealth
 + Level 2.6 Spellcasting
 * Level 4.1 Hexes
 + Level 1.3 Ice Magic


You had 4 spell levels left.
You knew the following spells:

 Your Spells              Type           Power      Damage    Failure   Level
a - Ensorcelled Hibernat  Hex/Ice        24%        N/A       9%          2
b - Confusing Touch       Hex            17%        N/A       10%         3

Your spell library contained the following spells:

 Spells                   Type           Power      Damage    Failure   Level
 Tukima's Dance           Hex            17%        N/A       10%         3
 Dazzling Flash           Conj/Hex       18%        N/A       22%         3

Inventory:

Hand Weapons
 a - a +1 heavy dagger (weapon)
Missiles
 f - 8 stones
 k - a throwing net {=f!f}
 l - 6 javelins
 m - 4 poisoned darts
Armour
 b - a +0 robe (worn)
 i - a +2 cloak of stealth (worn)
   (You found it on level 1 of the Dungeon)
Jewellery
 F - a ring of fire
   (You found it on level 2 of the Dungeon)
Scrolls
 d - 2 scrolls of noise {!r}
 e - a scroll of enchant armour
Potions
 c - a potion of invisibility
 h - a potion of curing {unknown}
 j - a potion of degeneration {unknown}

Dungeon Overview and Level Annotations

Branches:
Dungeon (3/15) Zot: 14780

Altars:

Annotations:
D:2 exclusion: gnoll

#......†....###
#.............#
######........# #........#
######## #........#
.......# #..).....#
.......# #........#
.......##########....o...#
...)............@o...o..>#
.............####....###.#
.............# ###### #)#
.............# #o#
.............# ####'#####
#######......# #...o....#
... #......# #....o...#
... #......# #......g.#
... #......# #.....o..g..


You could see an orc priest, an orc wizard and an orc.


Message History

You're too confused to move!
The gnoll barely misses you.
You feel less invigorated.
You feel less confused. The gnoll misses you.
Casting: Ensorcelled Hibernation (safe; 9% risk of failure)
Confirm with . or Enter, or press ? or * to list all spells.
Aiming: Ensorcelled Hibernation (safe; 9% risk of failure)
Press: ? - help, Shift-Dir - straight line, f - gnoll
Aim: a gnoll, wielding a +0 spear (chance to affect: 53%)
The gnoll looks drowsy... 😎 MP[-2]
You lost 2 mp, and now have 6/8 mp.
The helpless gnoll fails to defend itself.
You puncture the gnoll!
You kill the gnoll!
You hear the slow rusting of a distant drain.
The gnoll barely misses you.
Casting: Ensorcelled Hibernation (safe; 9% risk of failure)
Confirm with . or Enter, or press ? or * to list all spells.
Aiming: Ensorcelled Hibernation (safe; 9% risk of failure)
Press: ? - help, Shift-Dir - straight line, f - gnoll
Aim: a gnoll, wielding a +0 whip (chance to affect: 53%)
The gnoll looks drowsy...
An orc comes into view. It is wielding a +0 mace. 😎 MP[-2]
You lost 2 mp, and now have 4/8 mp.
The helpless gnoll fails to defend itself.
You impale the gnoll!!
You kill the gnoll!
Casting: Ensorcelled Hibernation (safe; 9% risk of failure)
Confirm with . or Enter, or press ? or * to list all spells.
Aiming: Ensorcelled Hibernation (safe; 9% risk of failure)
Press: ? - help, Shift-Dir - straight line, f - gnoll
Aim: a gnoll, wielding a +0 flail (chance to affect: 53%)
The gnoll resists with significant effort.
The gnoll closely misses you. 😎 MP[-1]
You lost 1 mp, and now have 3/8 mp.
Casting: Ensorcelled Hibernation (safe; 9% risk of failure)
Confirm with . or Enter, or press ? or * to list all spells.
Aiming: Ensorcelled Hibernation (safe; 9% risk of failure)
Press: ? - help, Shift-Dir - straight line, f/p - gnoll
Aim: a gnoll, wielding a +0 flail (chance to affect: 53%)
The gnoll looks drowsy... 😎 MP[-2]
You lost 2 mp, and now have 1/8 mp.
The helpless gnoll fails to defend itself.
You impale the gnoll!!
You kill the gnoll!
An orc wizard comes into view. It is wielding a +0 dagger.
The gnoll barely misses you.
An orc wizard comes into view.
It is wielding a +0 dagger and wearing a +2 robe of positive energy.
Casting: Ensorcelled Hibernation (safe; 9% risk of failure)
Confirm with . or Enter, or press ? or * to list all spells.
You don't have enough magic to cast this spell.
Casting: Ensorcelled Hibernation (safe; 9% risk of failure)
Confirm with . or Enter, or press ? or * to list all spells.
You don't have enough magic to cast this spell.
You hit the gnoll. Your kick misses the gnoll.
An orc priest comes into view. It is wielding a +0 club.
The gnoll hits you with a +0 whip. 😕 HP[-4]
You take 4 damage, and now have 31/35 hp.
You barely miss the gnoll. The gnoll closely misses you.
The orc priest shouts!
The orc wizard shouts!
You hit the gnoll. You kick the gnoll. The gnoll hits you with a +0 whip.
The gnoll misses you. 😕 HP[-3]
You take 3 damage, and now have 28/35 hp.
Casting: Ensorcelled Hibernation (safe; 9% risk of failure)
Confirm with . or Enter, or press ? or * to list all spells.
You don't have enough magic to cast this spell. 😕 MP[+1]
The gnoll attacks as it pursues you! The gnoll hits you but does no damage.
Casting: Ensorcelled Hibernation (safe; 9% risk of failure)
Confirm with . or Enter, or press ? or * to list all spells.
Aiming: Ensorcelled Hibernation (safe; 9% risk of failure)
Press: ? - help, Shift-Dir - straight line, f - gnoll
Aim: a gnoll, wielding a +0 whip (heavily wounded, chance to affect: 54%)
The gnoll resists with significant effort.
The gnoll hits you with a +0 whip. 😕 HP[-1] MP[-2]
You take 1 damage, and now have 27/35 hp.
You lost 2 mp, and now have 0/8 mp.
You hit the gnoll.
You kill the gnoll!
The orc barely misses you.
The orc priest mumbles some strange prayers to Beogh against you.
You barely resist.
The orc priest mumbles some strange prayers to Beogh against you.
Beogh smites you!
* * * LOW HITPOINT WARNING * * *
😨 HP[-14]
You take 14 damage, and now have 13/35 hp.
MASSIVE DAMAGE!! (PAUSE) 😨 HP[+1]
The orc priest invokes the aid of Beogh against you.
Beogh smites you!
You die...

Skill      XL: |  1  2  3  4  5 |
---------------+----------------+-----
Short Blades   | 1 2 |  2.5
Dodging        | 2 |  2.5
Stealth        | 3 |  3.2
Ice Magic      | 1 |  1.3
Hexes          | 4 |  4.1
Spellcasting   | |  2.6

Action                     |  1- 3 |  4- 6 || total
---------------------------+-------+-------++-------
  Melee: Dagger            |   102 |    31 ||   133
         Punch             |     2 |       ||     2
         Kick              |       |     2 ||     2
   Cast: Ensorcelled Hiber |    12 |    23 ||    35
    Use: Scroll            |     4 |     3 ||     7
         Potion            |     1 |     2 ||     3
   Stab: Sleeping          |    13 |    16 ||    29
 Armour: Robe              |    61 |    31 ||    92
  Dodge: Dodged            |    85 |    43 ||   128

Levels and vault maps discovered:
D:1:      lightli_arrival_farm, layout_basic, st_stairs_4,
          minmay_misc_feat_doors, roderic_three_in_a_row,
          nicolae_kite_square_tiling_tiny, nicolae_wormholes
D:2:      cheibrodos_old_hovel, layout_rooms, nrook_mini_vaults
D:3:      layout_basic, lemuel_doored_altar, portal_sewer_entry_a,
          dreamdust_mushroom_princess, uniq_grinder

Notes
Turn   | Place    | Note
-------+----------+-------------------------------------------
     0 | D:1      | kae the Demonspawn Enchanter began the quest for the Orb.
     0 | D:1      | Reached XP level 1. HP: 13/13 MP: 3/3
     0 | D:1      | magus.rc [v1.11.3]
    56 | D:1      | Reached skill level 1 in Short Blades
   124 | D:1      | Gained mutation: Your movements are slightly less
                  | encumbered by armour. (ER -2) [demonic ancestry]
   124 | D:1      | Reached XP level 2. HP: 18/19 MP: 5/5
   127 | D:1      | Learned a level 2 spell: Ensorcelled Hibernation
   127 | D:1      | magus.rc [v1.11.3]
   511 | D:1      | Reached skill level 2 in Dodging
   982 | D:2      | Reached XP level 3. HP: 18/24 MP: 6/6
   986 | D:2      | Learned a level 3 spell: Confusing Touch
  1095 | D:2      | HP: 6/24 [poisoned by an adder]
  1319 | D:2      | HP: 6/24 [rat (3)]
  1765 | D:2      | Reached skill level 3 in Stealth
  1765 | D:2      | Gained mutation: You have large cloven feet. [demonic
                  | ancestry]
  1765 | D:2      | Reached XP level 4. HP: 17/30 MP: 1/7
  1868 | D:1      | Reached skill level 2 in Short Blades
  2350 | D:2      | HP: 5/30 [gnoll/+0 halberd (11)]
  2522 | D:1      | Reached skill level 1 in Ice Magic
  2858 | D:2      | HP: 4/30 [gnoll/+0 spear (5)]
  2861 | D:2      | Reached XP level 5. HP: 5/35 MP: 3/8
  3081 | D:3      | Identified the +3 sling "Siam" {heavy, rPois rN+ Str+3}
  3140 | D:3      | Reached skill level 4 in Hexes
  3170 | D:3      | Killed from afar by an orc priest

Vanquished Creatures
  13 gnolls
  3 adders
  2 worms
  An orc (D:3)
  4 ball pythons
  5 endoplasms
  A giant cockroach (D:2)
  3 goblins
  6 hobgoblins
  4 jackals
  4 kobolds
  2 quokkas (D:2)
  4 bats
  3 frilled lizards
  4 rats
59 creatures vanquished.

Table legend:
 A = Non-vault XP
 B = Vault XP
 C = Vault XP percentage of total XP
 D = Non-vault monster count
 E = Vault monster count
 F = Vault count percentage of total count
                 A         B        C        D         E       F
            +---------+---------+-------+---------+---------+-------
      Total |     294 |       9 |   3.0 |      55 |       4 |   6.8
            +---------+---------+-------+---------+---------+-------
        D:1 |      66 |       8 |  10.8 |      17 |       3 |  15.0
        D:2 |     144 |       1 |   0.7 |      28 |       1 |   3.4
        D:3 |      84 |       0 |   0.0 |      10 |       0 |   0.0
            +---------+---------+-------+---------+---------+-------

Skill      XL: |  1  2  3  4  5 |
---------------+----------------+-----
Short Blades   | 1 2 |  2.5
Dodging        | 2 |  2.5
Stealth        | 3 |  3.2
Ice Magic      | 1 |  1.3
Hexes          | 4 |  4.1
Spellcasting   | |  2.6

Action                     |  1- 3 |  4- 6 || total
---------------------------+-------+-------++-------
  Melee: Dagger            |   102 |    31 ||   133
         Punch             |     2 |       ||     2
         Kick              |       |     2 ||     2
   Cast: Ensorcelled Hiber |    12 |    23 ||    35
    Use: Scroll            |     4 |     3 ||     7
         Potion            |     1 |     2 ||     3
   Stab: Sleeping          |    13 |    16 ||    29
 Armour: Robe              |    61 |    31 ||    92
  Dodge: Dodged            |    85 |    43 ||   128

Illustrated notes

Table legend:
 A = Kills in this place as a percentage of kills in the entire game.
 B = Kills by you in this place as a percentage of kills by you in the entire game.
 C = Kills by friends in this place as a percentage of kills by friends in the entire game.
 D = Other kills in this place as a percentage of other kills in the entire game.
 E = Experience gained in this place as a percentage of experience gained in the entire game.
 F = Experience gained in this place divided by the number of levels of this place that you have seen.
                   A       B       C       D       E      F
               +-------+-------+-------+-------+-------+----------------------
         Total | 100.0 | 100.0 |   N/A |   N/A | 100.0 | 101.0
       Dungeon | 100.0 | 100.0 |   N/A |   N/A | 100.0 | 101.0
               +-------+-------+-------+-------+-------+----------------------

Table legend: (Time is in decaauts)
 A = Elapsed time spent in this place.
 B = Non-inter-level travel time spent in this place.
 C = Inter-level travel time spent in this place.
 D = Time resting spent in this place.
 E = Time spent auto-exploring this place.
 F = Levels seen in this place.
 G = Mean time per level.
                   A        B        C        D        E       F      G
               +--------+--------+--------+--------+--------+-----+--------+
         Total |   3218 |   3078 |    140 |    720 |   1647 |   3 | 1072.7 |
       Dungeon |   3218 |   3078 |    140 |    720 |   1647 |   3 | 1072.7 |
               +--------+--------+--------+--------+--------+-----+--------+

Top non-repeatable levels by time:
     D:1: 1587 daAuts
     D:2: 1460 daAuts
     D:3: 171 daAuts
